 Dungeon Crawl Stone Soup version 0.27-a0-898-g810843a28d (webtiles) character file.

Game seed: 8442599562270080754

24 Alarkh the Ducker (level 2, 0/33 HPs)
             Began as a Demonspawn Gladiator on Apr 5, 2021.
             Succumbed to a kobold's poison
             ... on level 2 of the Dungeon.
             The game lasted 00:01:11 (1026 turns).

Alarkh the Ducker (Demonspawn Gladiator)            Turns: 1026, Time: 00:01:11

Health: 0/33       AC: 21    Str: 14    XL:     2   Next: 79%
Magic:  1/1        EV:  2    Int: 11    God:
Gold:   85         SH:  0    Dex: 14    Spells: 1/1 levels left

rFire    . . .     SeeInvis .     - Unarmed
rCold    . . .     Faith    .   (no shield)
rNeg     + + +     Spirit   .   (armour currently unavailable)
rPois    +         Reflect  .   (helmet currently unavailable)
rElec    .         Harm     .   (cloak currently unavailable)
rCorr    .         Rampage  .   (gloves currently unavailable)
Will     .....     NoTele   +   (boots currently unavailable)
Stlth    +.........             (no amulet)
HPRegen  0.11/turn              (no ring)
MPRegen  0.07/turn              (no ring)

@: brilliant, lethally poisoned (0 -> -3), tree-form
A: stationary, stasis, torment immunity, boosted hp, (sharp scales 1), clever 1,
low mp 1, inability to read while threatened
a: no special abilities


You were on level 2 of the Dungeon.
You were a tree.
You visited 1 branch of the dungeon, and saw 2 of its levels.

You collected 85 gold pieces.

Inventory:

Missiles
 c - 3 throwing nets (quivered)
Armour
 a - a +0 leather armour (melded)
 b - a +0 helmet (melded)
Scrolls
 e - 3 scrolls of blinking {unknown}
 g - a scroll of fog {unknown}
 h - a scroll of silence {unknown}


   Skills:
 + Level 2.0 Fighting
 + Level 2.0 Throwing
 + Level 1.0 Armour
 + Level 3.1 Dodging
 + Level 3.0 Unarmed Combat


You had one spell level left.
You didn't know any spells.
Your spell library contained the following spells:

 Spells                   Type           Power      Damage    Failure   Level
 Animate Skeleton         Necr           0%         N/A       34%         1
 Apportation              Tloc           0%         N/A       34%         1
 Corona                   Hex            0%         N/A       34%         1
 Summon Small Mammal      Summ           0%         N/A       34%         1


Dungeon Overview and Level Annotations

Branches:
Dungeon (2/15)

Altars:


Innate Abilities, Weirdness & Mutations

You are a tree.
Your roots penetrate the ground, keeping you stationary.
You cannot be teleported.
You are immune to unholy pain and torment.
Your maximum health is greatly increased.
Your equipment is partially melded.
((You are partially covered in razor-sharp scales. (AC +1, Slay +1)))
Your mind is acute. (Int +2)
Your magical capacity is low. (-10% MP)
You sometimes lose the ability to read scrolls when taking damage.


Message History

The kobold is moderately wounded.
You feel very sick.
A jackal comes into view.
The kobold misses you.
The jackal barks!
You hit the kobold.
You kill the kobold!
You feel very sick.
You are too injured to fight recklessly!
You are too injured to fight recklessly!
You are too injured to fight recklessly!
You are too injured to fight recklessly!
You are too injured to fight recklessly!
You are too injured to fight recklessly!
There is a lethal amount of poison in your body!
There is a lethal amount of poison in your body!
You are too injured to fight recklessly!
* * * LOW HITPOINT WARNING * * *
You feel very sick. The jackal barely misses you.
* * * LOW HITPOINT WARNING * * *
You feel sick.
* * * LOW HITPOINT WARNING * * *
You feel sick.
It was a potion of mutation.
You feel extremely strange.
You feel less energetic.
You lose the ability to read scrolls when threatened.
You feel clever.
* * * LOW HITPOINT WARNING * * *
You feel sick. The jackal misses you.
It was a potion of brilliance.
You feel clever all of a sudden.
* * * LOW HITPOINT WARNING * * *
You feel sick.
The jackal bites you but does no damage.
It was a potion of lignification.
You turn into a tree.
Your +0 helmet melds into your body.
Your +0 leather armour melds into your body.
Your roots penetrate the ground.
You die...

#.##.#
#..#.####.......
###.##.###..#.#
#.>...##
#...........#
####.###
#.#.#.####.# #.
# #.#.#.# #. .
#.#.#.####.# ..
# #.#.#......#
#.
#.#.#.$#########
#.
.[#.#.hh♣.......
###.##h########.
#..# #)#.#
...... ##.#.###
#..(. ..# ## ..#


You could see 3 jackals.

Vanquished Creatures
  A dart slug (D:1)
  2 ball pythons (D:1)
  3 endoplasms (D:1)
  A giant cockroach (D:1)
  A goblin (D:1)
  A hobgoblin (D:1)
  2 jackals (D:2)
  2 quokkas (D:1)
  2 bats
  2 frilled lizards (D:1)
  2 kobolds (D:2)
  A rat (D:1)
20 creatures vanquished.

Notes
Turn   | Place    | Note
-------+----------+-------------------------------------------
     0 | D:1      | Alarkh the Demonspawn Gladiator began the quest for the
                  | Orb.
     0 | D:1      | Reached XP level 1. HP: 16/16 MP: 1/1
   293 | D:1      | Gained mutation: You are partially covered in razor-sharp
                  | scales. (AC +1, Slay +1) [demonic ancestry]
   293 | D:1      | Reached XP level 2. HP: 22/22 MP: 2/2
   984 | D:2      | Reached skill level 1 in Armour
  1024 | D:2      | Gained mutation: Your magical capacity is low. (-10% MP)
                  | [potion of mutation]
  1024 | D:2      | Gained mutation: You sometimes lose the ability to read
                  | scrolls when taking damage. [potion of mutation]
  1024 | D:2      | Gained mutation: Your mind is acute. (Int +2) [potion of
                  | mutation]
  1025 | D:2      | HP: 1/22 [poisoned by a kobold]
  1026 | D:2      | Succumbed to a kobold's poison

Illustrated notes

Levels and vault maps discovered:
D:1:      ncdulo_watergridlock, layout_loops_ring,
          chequers_serial_rivers_small_b
D:2:      layout_loops_ring, basic_ecumenical_altar, chequers_jeans

Skill      XL: |  1  2 |
---------------+-------+-----
Dodging        | 3 |  3.1
Throwing       | 2 |  2.0
Unarmed Combat | 3 |  3.0
Armour         | 1 |  1.0
Fighting       | |  2.0

Action                   || total
-------------------------++-------
Melee: Unarmed           ||    84
       Punch             ||     1
  Use: Potion            ||     3
Armor: Leather armour    ||    21
Dodge: Dodged            ||    56

Table legend: (Time is in decaauts)
 A = Elapsed time spent in this place.
 B = Non-inter-level travel time spent in this place.
 C = Inter-level travel time spent in this place.
 D = Time resting spent in this place.
 E = Time spent auto-exploring this place.
 F = Levels seen in this place.
 G = Mean time per level.
                   A        B        C        D        E       F      G
               +--------+--------+--------+--------+--------+-----+--------+
         Total |   1024 |   1011 |     13 |    141 |    712 |   2 |  512.0 |
       Dungeon |   1024 |   1011 |     13 |    141 |    712 |   2 |  512.0 |
               +--------+--------+--------+--------+--------+-----+--------+

Top non-repeatable levels by time:
     D:1: 902 daAuts
     D:2: 121 daAuts
